 Dungeon Crawl Stone Soup version 0.30-a0-1053-gbd8d5ba0ad (webtiles) character file.

Game seed: 5328284277094960216

213 Newt the Trooper (level 5, -5/42 HPs)
             Began as a Demonspawn Gladiator on Apr 11, 2023.
             Slain by a gnoll
             ... wielding a +0 flail
              (12 damage)
             ... on level 4 of the Dungeon.
             The game lasted 00:03:26 (3777 turns).

Newt the Trooper (Demonspawn Gladiator)             Turns: 3777, Time: 00:03:27

Health: -5/42      AC:  5    Str: 23    XL:     5   Next: 59%
Magic:  5/5        EV: 13    Int: 13    God:
Gold:   65         SH:  0    Dex: 14    Spells: 4/4 levels left

rFire   . . .      SeeInvis .    r - +2 dagger (pain)
rCold   . . .      Faith    .    (no shield)
rNeg    . . .      Spirit   .    b - +0 leather armour
rPois   .          Reflect  .    t - +1 hat
rElec   .          Rampage  .    h - +0 cloak
rCorr   +                        (no gloves)
Will    .....                    (no boots)
Stlth   +                        (no amulet)
HPRegen 0.27/turn                k - ring of resist corrosion
MPRegen 0.09/turn                s - +6 ring of strength

@: no status effects
A: demonic guardian 1, big brain 2
a: no special abilities


You were on level 4 of the Dungeon.
You visited 1 branch of the dungeon, and saw 4 of its levels.

You collected 65 gold pieces.

Inventory:

Hand Weapons
 a - a +0 rapier
 r - a +2 dagger of pain (weapon)
Missiles
 d - a throwing net (quivered)
 e - a javelin
 g - 2 poisoned darts
Armour
 b - a +0 leather armour (worn)
 c - a +0 helmet
 h - a +0 cloak (worn)
 t - a +1 hat (worn)
Jewellery
 k - a ring of resist corrosion (left hand)
 s - a +6 ring of strength (right hand)
Scrolls
 j - a scroll of teleportation
 q - a scroll of magic mapping
Potions
 f - a potion of cancellation
 i - 2 potions of attraction
 l - a potion of haste
 m - 4 potions of curing
 n - a potion of degeneration {unknown}
 o - a potion of heal wounds {unknown}
 p - a potion of flight {unknown}


   Skills:
 - Level 4.0 Fighting
 - Level 4.0 Short Blades
 - Level 1.7 Throwing
 + Level 3.8 Dodging


You had 4 spell levels left.
You didn't know any spells.
Your spell library contained the following spells:

 Spells                   Type           Power      Damage    Failure   Level
 Magic Dart               Conj           0%         1d3       34%         1
 Call Imp                 Summ           0%         N/A       47%         2
 Mephitic Cloud           Conj/Pois/Air  0%         N/A       71%         3
 Ozocubu's Armour         Ice            0%         N/A       71%         3
 Ozocubu's Refrigeration  Ice            0%         4d7       100%        7


Dungeon Overview and Level Annotations

Branches:
Dungeon (4/15)
 Temple: D:4-7

Altars:
Sif Muna

Shops:
D:3 =


Innate Abilities, Weirdness & Mutations

A weak demonic guardian rushes to your aid.
You have an extremely huge brain. (Int +4)


Message History

The gnoll struggles against the net.
The gnoll hits you with a +0 spear.
You barely miss the gnoll. You hit the gnoll.
The gnoll is moderately wounded.
The gnoll closely misses you.
The gnoll struggles against the net.
You barely miss the gnoll.
The gnoll is moderately wounded.
The gnoll barely misses you.
The gnoll struggles against the net.
You hit the gnoll.
The gnoll is moderately wounded.
The gnoll hits you with a +0 spear.
The gnoll struggles against the net.
You hit the gnoll but do no damage.
The gnoll is moderately wounded.
The gnoll hits you with a +0 spear.
The gnoll struggles against the net.
The net rips apart, and the gnoll comes free!
You hit the gnoll but do no damage.
The gnoll is moderately wounded.
You hit the gnoll but do no damage.
The gnoll is moderately wounded.
The gnoll barely misses you. The gnoll misses you.
You hit the gnoll.
The gnoll is heavily wounded.
The gnoll completely misses you. The gnoll barely misses you.
You hit the gnoll.
The gnoll is severely wounded.
The gnoll hits you with a +0 spear!
* * * LOW HITPOINT WARNING * * *
A demonic guardian appears!
The gnoll misses you.
You swap places.
Your quasit bites the gnoll.
Your quasit claws the gnoll but does no damage. x2
The gnoll hits your quasit with a +0 spear.
Your quasit barely misses the gnoll.
Your quasit claws the gnoll.
Your quasit misses the gnoll.
The gnoll hits your quasit with a +0 spear.
You hit the gnoll.
The gnoll is heavily wounded.
Your quasit bites the gnoll.
The gnoll dies!
The gnoll hits you with a +0 flail!
You die...

,** #.****..****.#* *,*
,,*****##.#####.###.#* *,*
,,,..,##.....##....#* *,*
,.##.,.#.....#*#.###########,*
,,...#.......###..†)........,*
,*##.......§§##...####..####**
.**[..##.....#..........#
.#,#.#...?........###..,#
...#.#.#.#.#####@## *,,,*
*#.##...##.# #g###*,,,*
###...$..$.# #h5<#*,,,*
.......##### #g#h#*,,,***
.####.## #.#.#*,,,,,* .####.#
#.#.#**,,*,* ......#
#....**,,*,* .####.#
#....,*,,*,* ** #<#
#.....,,,*,*****


You could see 2 gnolls, 2 jackals and a friendly quasit (summoned).

Vanquished Creatures
  A phantom (D:4)
  4 adders
  2 worms
  3 dart slugs
  5 orcs
  3 endoplasms
  2 giant cockroaches
  4 goblins
  A hobgoblin (D:2)
  3 jackals
  7 kobolds
  3 quokkas
  5 ball pythons
  8 bats
  2 frilled lizards
  3 rats
56 creatures vanquished.

Vanquished Creatures (collateral kills)
  A hound (D:3)
  A gnoll (D:4)
  An orc (D:3)
3 creatures vanquished.

Grand Total: 59 creatures vanquished

Notes
Turn   | Place    | Note
-------+----------+-------------------------------------------
     0 | D:1      | Newt the Demonspawn Gladiator began the quest for the Orb.
     0 | D:1      | Reached XP level 1. HP: 16/16 MP: 1/1
   251 | D:1      | Found a faded altar of an unknown god.
   455 | D:1      | Gained mutation: A weak demonic guardian rushes to your
                  | aid. [demonic ancestry]
   455 | D:1      | Reached XP level 2. HP: 22/23 MP: 2/2
  1514 | D:2      | Gained mutation: You have an unusually large brain. (Int
                  | +2) [demonic ancestry]
  1514 | D:2      | Reached XP level 3. HP: 29/29 MP: 3/3
  1551 | D:2      | Found a shimmering blue altar of Sif Muna.
  2544 | D:3      | Reached XP level 4. HP: 34/37 MP: 4/4
  2610 | D:3      | Found Vyxeustau's Jewellery Shoppe.
  3595 | D:4      | Noticed a phantom
  3631 | D:4      | Killed a phantom
  3632 | D:4      | Gained mutation: You have an extremely huge brain. (Int +4)
                  | [demonic ancestry]
  3632 | D:4      | Reached XP level 5. HP: 10/42 MP: 5/5
  3777 | D:4      | Slain by a gnoll

Illustrated notes

Levels and vault maps discovered:
D:1:      dpeg_arrival_yet_another_circle, layout_loops_corners,
          shapermc_ecumenical_altar_acropolis, serial_rivers,
          chequers_serial_rivers_micro_b, chequers_serial_rivers_small_a,
          chequers_serial_rivers_marsh, chequers_serial_rivers_micro_c,
          chequers_serial_rivers_marsh, chequers_serial_rivers_room_b,
          minmay_misc_feat_ornament
D:2:      layout_basic, basic_altar, minivault_25, wad_floor_pattern_untrapped
D:3:      layout_loops_ring, serial_shops, shop, dk_noncrumbling_3,
          kennysheep_pointless_box
D:4:      layout_loops_ring, gup_sewer_entry_spiral, uniq_natasha, uniq_menkaure

Skill      XL: |  1  2  3  4 |
---------------+-------------+-----
Fighting       | 3 4 |  4.0
Short Blades   | 3 4 |  4.0
Dodging        | 3 |  3.8
Throwing       | |  1.7

Action                     |  1- 3 |  4- 6 || total
---------------------------+-------+-------++-------
  Melee: Rapier            |   150 |    40 ||   190
         Punch             |     1 |     1 ||     2
         Dagger            |       |    83 ||    83
  Throw: Throwing net      |     1 |     2 ||     3
         Dart              |       |     2 ||     2
    Use: Scroll            |     8 |     3 ||    11
   Stab: Sleeping          |     1 |     1 ||     2
         Held in net/web   |     1 |       ||     1
         Distracted        |       |     1 ||     1
 Armour: Leather armour    |    52 |    32 ||    84
  Dodge: Dodged            |   118 |    57 ||   175

Table legend: (Time is in decaauts)
 A = Elapsed time spent in this place.
 B = Non-inter-level travel time spent in this place.
 C = Inter-level travel time spent in this place.
 D = Time resting spent in this place.
 E = Time spent auto-exploring this place.
 F = Levels seen in this place.
 G = Mean time per level.
                   A        B        C        D        E       F      G
               +--------+--------+--------+--------+--------+-----+--------+
         Total |   3774 |   3695 |     79 |    601 |   2554 |   4 |  943.5 |
       Dungeon |   3774 |   3695 |     79 |    601 |   2554 |   4 |  943.5 |
               +--------+--------+--------+--------+--------+-----+--------+

Top non-repeatable levels by time:
     D:3: 1335 daAuts
     D:1: 1162 daAuts
     D:2: 1100 daAuts
     D:4: 175 daAuts
